 Dungeon Crawl Stone Soup version 0.28-a0-8-g6e044cfa68 (webtiles) character file.

Game seed: 12661173866564931480

2135 Sobieck the Magician (level 9, -1/65 HPs)
             Began as a Gnoll Fire Elementalist on July 23, 2021.
             Was a Follower of Cheibriados.
             Slain by a killer bee (2 damage)
             ... on level 7 of the Dungeon.
             The game lasted 00:12:10 (8500 turns).

Sobieck the Magician (Gnoll Fire Elementalist)      Turns: 8500, Time: 00:12:10

Health: -1/65      AC:  8    Str: 11    XL:     9   Next: 30%
Magic:  18/18      EV: 14    Int: 19    God:    Cheibriados [*.....]
Gold:   382        SH:  0    Dex: 14    Spells: 13/21 levels left

rFire   . . .      SeeInvis .   a - +0 trident (venom) {polearm}
rCold   . . .      Faith    .   (no shield)
rNeg    . . .      Spirit   .   l - +1 robe
rPois   .          Reflect  .   (no helmet)
rElec   .          Harm     .   s - +0 cloak
rCorr   .          Rampage  .   (no gloves)
Will    .....                   (no boots)
Stlth   +.........              (no amulet)
HPRegen 0.20/turn               t - +4 ring of protection
MPRegen 0.16/turn               (no ring)

@: confused, mighty, lethally poisoned (-1 -> -13), ambrosia-drunk, very
slightly contaminated, very slow
A: fangs 1, strong nose, distributed training
a: Renounce Religion, Bend Time


You were on level 7 of the Dungeon.
You worshipped Cheibriados.
Cheibriados was aware of your devotion.
You visited 2 branches of the dungeon, and saw 9 of its levels.

You collected 382 gold pieces.


Innate Abilities, Weirdness & Mutations

You have very sharp teeth.
Your uncanny sense of smell can sniff out nearby items.
Your experience applies equally to all skills.


   Skills:
 + Level 4.1 Fighting
 + Level 4.1 Short Blades
 + Level 4.1 Long Blades
 + Level 4.1 Axes
 + Level 4.1 Maces & Flails
 + Level 4.1 Polearms
 + Level 4.1 Staves
 + Level 4.1 Slings
 + Level 4.1 Bows
 + Level 4.1 Crossbows
 + Level 4.1 Throwing
 + Level 4.1 Armour
 + Level 6.2 Dodging
 + Level 5.9 Stealth
 + Level 4.1 Shields
 + Level 4.1 Unarmed Combat
 + Level 6.5 Spellcasting
 + Level 4.0 Conjurations
 + Level 3.3 Hexes
 + Level 3.3 Summonings
 + Level 3.3 Necromancy
 + Level 3.3 Translocations
 + Level 3.3 Transmutations
 + Level 6.5 Fire Magic
 + Level 3.3 Ice Magic
 + Level 3.3 Air Magic
 + Level 3.3 Earth Magic
 + Level 3.3 Poison Magic
 + Level 4.5 Invocations
 + Level 4.1 Evocations


You had 13 spell levels left.
You knew the following spells:

 Your Spells              Type           Power      Damage    Failure   Level
a - Foxfire               Conj/Fire      100%       2x1d9     1%          1
b - Sticky Flame          Conj/Fire      26%        2d5       12%         4
c - Stone Arrow           Conj/Erth      40%        3d9       7%          3

Your spell library contained the following spells:

 Spells                   Type           Power      Damage    Failure   Level
 Conjure Flame            Conj/Fire      26%        6-21      3%          3
 Inner Flame              Hex/Fire       25%        N/A       4%          3
 Fireball                 Conj/Fire      13%        3d7       32%         5
 Bolt of Magma            Conj/Fire/Erth 11%        4d7       41%         5
 Silence                  Hex/Air        9%         N/A       58%         5
 Ignition                 Fire           15%        3d6       100%        8
 Shatter                  Erth           9%         3d11*     100%        9

Inventory:

Hand Weapons
 a - a +0 trident of venom (weapon) {polearm}
   (You took it off an orc on level 5 of the Dungeon)
 c - a +0 short sword {short}
   (You took it off a kobold on level 1 of the Dungeon)
 e - a +0 whip {mace}
   (You found it on level 1 of the Dungeon)
Missiles
 b - 57 arrows
 d - 172 stones {throwing}
 h - 41 sling bullets
 i - 92 bolts
 k - 22 poisoned darts {throwing}
Armour
 l - a +1 robe (worn)
 s - a +0 cloak (worn)
   (You took it off Crazy Yiuf on level 6 of the Dungeon)
Jewellery
 t - a +4 ring of protection (left hand)
   (You found it on level 5 of the Dungeon)
Wands
 p - a wand of flame (56)
   (You found it on level 7 of the Dungeon)
 q - a wand of paralysis (7)
   (You found it on level 5 of the Dungeon)
Scrolls
 f - a scroll of fear
 j - 2 scrolls of teleportation {@r4}
 u - a scroll of blinking {!r}
Potions
 g - 3 potions of might
 n - a potion of haste {@q3}
 o - 3 potions of curing {unknown}
 r - a potion of lignification {unknown}
 v - 2 potions of brilliance {unknown}
 w - a potion of invisibility {unknown}

Dungeon Overview and Level Annotations

Branches:
Dungeon (8/15)             Temple (1/1) D:6
   Lair: D:8-11

Altars:
Ashenzari
Cheibriados
Elyvilon
Fedhas
Gozag
Hepliaklqana
Nemelex Xobeh
Okawaru
Qazlal
Ru
Trog
Uskayaw
Vehumet
Yredelemnul
Zin
The Shining One

Shops:
D:2 :*!   D:5 !

Annotations:
D:6 2 transporters, Harkinian's ghost, novice HOFi

#.................≈.###.##.#
#.############..)≈....#.##.# #.#
#....≈.....##.# #.#
##.).)........#
#.##############≈...)....#.#
######†#..>.............)........
..............##..#####.......#..
######........##y.## #.......#..
####.....##@y.####..........
#.....##[y............... #
#.#.######.####.)........
#########.#.# #.# #))........
............# #.# #..##.#.##.
#########.### #.####.#...#.... #
#.# ####.#.......###... #.#
#.................. #.#
#.##..........#.#..


You could see 3 killer bees.


Message History

😕 HP[+1]
You start resting. 😎 HP[+11] MP[+9]
Your hp is fully restored (65).
You regained 9 mp, and now have 16/18 mp.
You start resting. 😎 MP[+2]
Your mp is fully restored (18).
You climb downwards.
The killer bee barely misses you. x2
The killer bee misses you. The killer bee barely misses you.
The killer bee closely misses you. x2; The killer bee stings you!
There is a stone staircase leading up here. 😕 HP[-8]
You take 8 damage, and now have 57/65 hp.
The killer bee misses you. The killer bee barely misses you.
The killer bee closely misses you. The killer bee stings you.
You are poisoned.
The killer bee poisons you! The killer bee misses you.
The killer bee barely misses you.
You climb upwards.
You feel sick.
There is a stone staircase leading down here. 😕 HP[-6]
You take 6 damage, and now have 51/65 hp.
Casting: Foxfire (safe; 1% risk of failure)
Confirm with . or Enter, or press ? or * to list all spells.
Aiming: Sticky Flame (dangerous; 12% risk of failure)
Press: ? - help, Shift-Dir - straight line, f - killer bee
Aim: a killer bee (100% to hit)
You miscast Sticky Flame.
You are very lightly contaminated with residual magic.
You feel a strange surge of energy!
You feel sick. The killer bee stings you. The killer bee misses you.
The killer bee stings you.
The killer bee stings you but does no damage.
The killer bee misses you.
The killer bee stings you. 😮 HP[-14] MP[-4]
You take 14 damage, and now have 37/65 hp.
MASSIVE DAMAGE!! (PAUSE)
You lost 4 mp, and now have 14/18 mp.
Casting: Sticky Flame (dangerous; 12% risk of failure)
Confirm with . or Enter, or press ? or * to list all spells.
You conjure some foxfire!
You feel sick. The killer bee barely misses you. The killer bee stings you!
* * * LOW HITPOINT WARNING * * *
The killer bee stings you but does no damage.
The killer bee misses you.
The killer bee stings you but does no damage.
The killer bee stings you.
* * * LOW HITPOINT WARNING * * *
You are more poisoned.
The killer bee poisons you! 😨 HP[-12] MP[-1]
You take 12 damage, and now have 25/65 hp.
You lost 1 mp, and now have 13/18 mp.
Casting: Foxfire (safe; 1% risk of failure)
Confirm with . or Enter, or press ? or * to list all spells.
You don't know that spell.
You feel very mighty all of a sudden.
You feel sick.
The foxfire hits the killer bee.
The foxfire hits the killer bee!
The killer bee stings you.
* * * LOW HITPOINT WARNING * * *
The killer bee closely misses you.
The killer bee completely misses you. x2
The killer bee stings you.
* * * LOW HITPOINT WARNING * * *
The killer bee stings you.
* * * LOW HITPOINT WARNING * * *
😱 HP[-15]
You take 15 damage, and now have 10/65 hp.
MASSIVE DAMAGE!! (PAUSE)
You are confused.
You feel invigorated.
You feel sick. The killer bee stings you.
* * * LOW HITPOINT WARNING * * *
You are more poisoned.
The killer bee poisons you! The killer bee closely misses you. x2
The killer bee barely misses you. The killer bee stings you.
* * * LOW HITPOINT WARNING * * *
The killer bee stings you but does no damage. 😱 HP[-6] MP[+3]
You take 6 damage, and now have 4/65 hp.
You regained 3 mp, and now have 16/18 mp.
Unknown command.
You bump into the rock wall.
* * * LOW HITPOINT WARNING * * *
You feel very sick.
The killer bee stings you but does no damage.
The killer bee misses you. The killer bee barely misses you.
The killer bee closely misses you.
The killer bee stings you but does no damage.
The killer bee completely misses you. 😱 HP[+2] MP[+2]
You regained 2 hp, and now have 6/65 hp.
Your mp is fully restored (18).
Unknown command.
You bump into the rock wall.
* * * LOW HITPOINT WARNING * * *
You feel very sick. The killer bee closely misses you.
The killer bee stings you!
* * * LOW HITPOINT WARNING * * *
The killer bee misses you. The killer bee closely misses you.
The killer bee stings you.
You die...

Skill      XL: |  1  2  3  4  5  6  7  8  9 |
---------------+----------------------------+-----
Conjurations   | 2 3 4 |  4.0
Spellcasting   | 5 6 |  6.5
Invocations    | 1 2 3 4 |  4.5
Fighting       | 1 2 3 4 |  4.1
Short Blades   | 1 2 3 4 |  4.1
Long Blades    | 1 2 3 4 |  4.1
Axes           | 1 2 3 4 |  4.1
Maces & Flails | 1 2 3 4 |  4.1
Polearms       | 1 2 3 4 |  4.1
Staves         | 1 2 3 4 |  4.1
Slings         | 1 2 3 4 |  4.1
Bows           | 1 2 3 4 |  4.1
Crossbows      | 1 2 3 4 |  4.1
Throwing       | 1 2 3 4 |  4.1
Armour         | 1 2 3 4 |  4.1
Shields        | 1 2 3 4 |  4.1
Unarmed Combat | 1 2 3 4 |  4.1
Hexes          | 1 2 3 |  3.3
Summonings     | 1 2 3 |  3.3
Necromancy     | 1 2 3 |  3.3
Translocations | 1 2 3 |  3.3
Transmutations | 1 2 3 |  3.3
Ice Magic      | 1 2 3 |  3.3
Air Magic      | 1 2 3 |  3.3
Earth Magic    | 1 2 3 |  3.3
Poison Magic   | 1 2 3 |  3.3
Evocations     | 1 2 3 4 |  4.1
Dodging        | 5 6 |  6.2
Stealth        | 5 |  5.9
Fire Magic     | 6 |  6.5

Action                   |  1- 3 |  4- 6 |  7- 9 || total
-------------------------+-------+-------+-------++-------
Melee: Whip              |    13 |       |       ||    13
       Bite              |     1 |     4 |     6 ||    11
       Dagger            |       |    17 |    23 ||    40
       Punch             |       |     1 |       ||     1
       Trident           |       |       |    51 ||    51
 Cast: Foxfire           |    84 |   102 |   213 ||   399
       Stone Arrow       |       |       |     4 ||     4
       Sticky Flame      |       |       |     1 ||     1
  Use: Scroll            |       |     6 |     4 ||    10
       Potion            |       |       |     2 ||     2
 Stab: Sleeping          |       |     2 |       ||     2
Armor: Robe              |     1 |     8 |    47 ||    56
Dodge: Dodged            |    20 |    15 |   107 ||   142

Levels and vault maps discovered:
D:1:      dpeg_arrival_three_smaller_balls, layout_loops_cross,
          shapermc_ecumenical_altar_acropolis
D:2:      layout_basic, serial_shops, nicolae_square_shop,
          nicolae_shop_statue_plus, shop, minmay_misc_feat_cross,
          lemuel_old_faithful, uniq_sigmund, uniq_terence, uniq_natasha
D:3:      layout_rooms, nicolae_uskayaw_suspiria
D:4:      layout_basic
D:5:      layout_loops_corners, minitemple, cheibrodos_sewer_entry_bend,
          serial_shops, shop
D:6:      layout_rooms, minmay_temple_entry_glassed_door,
          gammafunk_ghost_mausoleum, grunt_ministairs_10,
          uniq_crazy_yiuf_cottage
D:7:      layout_loops_ring, lemuel_coloured_pillars_altar,
          chequers_serial_rivers_micro_c
D:8:      layout_cave_pools, overflow_temple_1_default,
          kennysheep_vampire_church
Temple:   nicolae_temple_figure_eight

Notes
Turn   | Place    | Note
-------+----------+-------------------------------------------
     0 | D:1      | Sobieck the Gnoll Fire Elementalist began the quest for the
                  | Orb.
     0 | D:1      | Reached XP level 1. HP: 13/13 MP: 6/6
     0 | D:1      | magus.rc [v1.9.6]
   198 | D:1      | Reached skill level 2 in Conjurations
   300 | D:1      | Reached XP level 2. HP: 18/19 MP: 4/7
   691 | D:1      | Found a faded altar of an unknown god.
  1052 | D:1      | Reached XP level 3. HP: 25/25 MP: 5/9
  1116 | D:1      | Reached skill level 5 in Spellcasting
  1239 | D:1      | Reached skill level 1 in Invocations
  1516 | D:2      | Noticed Sigmund
  1524 | D:2      | Killed Sigmund
  1525 | D:2      | Reached skill level 1 in Fighting
  1525 | D:2      | Reached skill level 1 in Short Blades
  1525 | D:2      | Reached skill level 1 in Long Blades
  1525 | D:2      | Reached skill level 1 in Axes
  1525 | D:2      | Reached skill level 1 in Maces & Flails
  1525 | D:2      | Reached skill level 1 in Polearms
  1525 | D:2      | Reached skill level 1 in Staves
  1525 | D:2      | Reached skill level 1 in Slings
  1525 | D:2      | Reached skill level 1 in Bows
  1525 | D:2      | Reached skill level 1 in Crossbows
  1525 | D:2      | Reached skill level 1 in Throwing
  1525 | D:2      | Reached skill level 1 in Armour
  1525 | D:2      | Reached skill level 1 in Shields
  1525 | D:2      | Reached skill level 1 in Unarmed Combat
  1525 | D:2      | Reached skill level 1 in Hexes
  1525 | D:2      | Reached skill level 1 in Summonings
  1525 | D:2      | Reached skill level 1 in Necromancy
  1525 | D:2      | Reached skill level 1 in Translocations
  1525 | D:2      | Reached skill level 1 in Transmutations
  1525 | D:2      | Reached skill level 1 in Ice Magic
  1525 | D:2      | Reached skill level 1 in Air Magic
  1525 | D:2      | Reached skill level 1 in Earth Magic
  1525 | D:2      | Reached skill level 1 in Poison Magic
  1525 | D:2      | Reached skill level 1 in Evocations
  1525 | D:2      | Reached XP level 4. HP: 32/32 MP: 1/11
  1525 | D:2      | Reached XP level 5. HP: 37/37 MP: 1/12
  1778 | D:2      | Noticed Natasha
  1779 | D:2      | Found Vahoom's Book Boutique.
  1784 | D:2      | Killed Natasha
  1785 | D:2      | Reached skill level 2 in Invocations
  1785 | D:2      | Reached XP level 6. HP: 31/44 MP: 8/13
  1947 | D:2      | Noticed Terence
  1957 | D:2      | Killed Terence
  2040 | D:2      | Noticed Natasha
  2050 | D:2      | Killed Natasha
  2122 | D:2      | Found Addej's Assorted Antiques.
  2216 | D:2      | Killed Natasha
  2220 | D:2      | You pick up a book of the Earth and begin reading...
  2220 | D:2      | You add the spells Stone Arrow, Bolt of Magma and Shatter
                  | to your library.
  2330 | D:2      | Reached skill level 5 in Dodging
  2426 | D:2      | Found Jablutih's Distillery.
  2564 | D:3      | Reached skill level 2 in Fighting
  2564 | D:3      | Reached skill level 2 in Short Blades
  2564 | D:3      | Reached skill level 2 in Long Blades
  2564 | D:3      | Reached skill level 2 in Axes
  2564 | D:3      | Reached skill level 2 in Maces & Flails
  2564 | D:3      | Reached skill level 2 in Polearms
  2564 | D:3      | Reached skill level 2 in Staves
  2564 | D:3      | Reached skill level 2 in Slings
  2564 | D:3      | Reached skill level 2 in Bows
  2564 | D:3      | Reached skill level 2 in Crossbows
  2564 | D:3      | Reached skill level 2 in Throwing
  2564 | D:3      | Reached skill level 2 in Armour
  2564 | D:3      | Reached skill level 2 in Shields
  2564 | D:3      | Reached skill level 2 in Unarmed Combat
  2564 | D:3      | Reached skill level 2 in Evocations
  2948 | D:3      | Found a hide-covered altar of Uskayaw.
  3544 | D:4      | Learned a level 4 spell: Sticky Flame
  3572 | D:4      | Learned a level 3 spell: Stone Arrow
  3768 | D:4      | Identified the +1 ring mail of Dice, Bag, and Bottle {-Tele
                  | rCorr Dex+3}
  3910 | D:5      | Entered Level 5 of the Dungeon
  3971 | D:5      | Reached XP level 7. HP: 50/50 MP: 10/15
  4275 | D:5      | Found an iron altar of Okawaru.
  4278 | D:5      | Found a hazy altar of Hepliaklqana.
  4320 | D:5      | You fall into a shaft and drop 2 floors!
  4561 | D:7      | Reached skill level 3 in Conjurations
  4561 | D:7      | Reached skill level 2 in Hexes
  4561 | D:7      | Reached skill level 2 in Summonings
  4561 | D:7      | Reached skill level 2 in Necromancy
  4561 | D:7      | Reached skill level 2 in Translocations
  4561 | D:7      | Reached skill level 2 in Transmutations
  4561 | D:7      | Reached skill level 2 in Ice Magic
  4561 | D:7      | Reached skill level 2 in Air Magic
  4561 | D:7      | Reached skill level 2 in Earth Magic
  4561 | D:7      | Reached skill level 2 in Poison Magic
  4563 | D:7      | You add the spells Silence and Ignition to your library.
  4563 | D:7      | Got the Volume of Blistering Lightness
  4754 | D:6      | Reached skill level 5 in Stealth
  4799 | D:6      | Found a transporter.
  4799 | D:6      | Noticed Harkinian's ghost (novice HOFi)
  4803 | D:6      | Noticed a vampire
  4858 | D:6      | Reached skill level 3 in Invocations
  4900 | D:6      | Found a transporter.
  5237 | D:5      | Found Disaiwy's Distillery.
  5317 | D:5      | Reached skill level 6 in Fire Magic
  5320 | D:5      | Reached XP level 8. HP: 57/57 MP: 9/16
  5950 | D:6      | Reached skill level 3 in Fighting
  5950 | D:6      | Reached skill level 3 in Short Blades
  5950 | D:6      | Reached skill level 3 in Long Blades
  5950 | D:6      | Reached skill level 3 in Axes
  5950 | D:6      | Reached skill level 3 in Maces & Flails
  5950 | D:6      | Reached skill level 3 in Polearms
  5950 | D:6      | Reached skill level 3 in Staves
  5950 | D:6      | Reached skill level 3 in Slings
  5950 | D:6      | Reached skill level 3 in Bows
  5950 | D:6      | Reached skill level 3 in Crossbows
  5950 | D:6      | Reached skill level 3 in Throwing
  5950 | D:6      | Reached skill level 3 in Armour
  5950 | D:6      | Reached skill level 3 in Shields
  5950 | D:6      | Reached skill level 3 in Unarmed Combat
  5950 | D:6      | Reached skill level 3 in Evocations
  6233 | D:6      | Found a runed translucent door.
  6234 | D:6      | Noticed Crazy Yiuf
  6264 | D:6      | Noticed a shadow
  6276 | D:6      | Killed a shadow
  6277 | D:6      | Reached skill level 6 in Spellcasting
  6390 | D:6      | Found a staircase to the Ecumenical Temple.
  6402 | Temple   | Entered the Ecumenical Temple
  6585 | Temple   | Became a worshipper of Cheibriados the Contemplative
  6870 | D:6      | Killed Crazy Yiuf
  7251 | D:7      | Found an opulent altar of Gozag.
  7326 | D:7      | Reached skill level 3 in Hexes
  7326 | D:7      | Reached skill level 3 in Summonings
  7326 | D:7      | Reached skill level 3 in Necromancy
  7326 | D:7      | Reached skill level 3 in Translocations
  7326 | D:7      | Reached skill level 3 in Transmutations
  7326 | D:7      | Reached skill level 3 in Ice Magic
  7326 | D:7      | Reached skill level 3 in Air Magic
  7326 | D:7      | Reached skill level 3 in Earth Magic
  7326 | D:7      | Reached skill level 3 in Poison Magic
  7326 | D:7      | Reached skill level 4 in Invocations
  7445 | D:7      | Reached skill level 6 in Dodging
  7445 | D:7      | Reached XP level 9. HP: 28/65 MP: 13/18
  7999 | D:7      | Reached skill level 4 in Fighting
  7999 | D:7      | Reached skill level 4 in Short Blades
  7999 | D:7      | Reached skill level 4 in Long Blades
  7999 | D:7      | Reached skill level 4 in Axes
  7999 | D:7      | Reached skill level 4 in Maces & Flails
  7999 | D:7      | Reached skill level 4 in Polearms
  7999 | D:7      | Reached skill level 4 in Staves
  7999 | D:7      | Reached skill level 4 in Slings
  7999 | D:7      | Reached skill level 4 in Bows
  7999 | D:7      | Reached skill level 4 in Crossbows
  7999 | D:7      | Reached skill level 4 in Throwing
  7999 | D:7      | Reached skill level 4 in Armour
  7999 | D:7      | Reached skill level 4 in Shields
  7999 | D:7      | Reached skill level 4 in Unarmed Combat
  7999 | D:7      | Reached skill level 4 in Conjurations
  7999 | D:7      | Reached skill level 4 in Evocations
  8192 | D:7      | Reached * piety under Cheibriados
  8497 | D:7      | HP: 15/65 [killer bee (6)]
  8498 | D:7      | HP: 4/65 [killer bee (4)]
  8500 | D:7      | HP: 1/65 [killer bee (7)]
  8500 | D:7      | Slain by a killer bee

Vanquished Creatures
  A shadow (D:6)
  Sigmund (D:2)
  A water moccasin (D:7)
  An ice beast (D:6)
  2 sky beasts (D:7)
  A necrophage (D:7)
  An orc warrior (D:7)
  A centaur (D:4)
  2 scorpions
  A bullfrog (D:7)
  2 killer bees
  3 bullfrog zombies
  A jelly (D:7)
  2 hounds
  4 orc priests
  Crazy Yiuf (D:6)
  A gnoll shaman (D:7)
  4 centaur skeletons
  3 iguanas (D:6)
  A scorpion zombie (D:5)
  Natasha (twice) (D:2)
  Terence (D:2)
  2 orc wizards (D:7)
  2 killer bee zombies
  A hound skeleton (D:5)
  6 gnolls
  2 adders (D:2)
  A shadow imp (D:5)
  A white imp (D:5)
  3 worms
  2 dart slugs
  12 orcs
  3 bats
  4 endoplasms
  3 giant cockroaches
  6 goblins
  7 hobgoblins
  7 kobolds
  6 quokkas
  8 ball pythons
  4 frilled lizards
  4 rats
121 creatures vanquished.

Vanquished Creatures (collateral kills)
  4 foxfires (D:1)
4 creatures vanquished.

Vanquished Creatures (others)
  Natasha (D:2)
  677 foxfires
678 creatures vanquished.

Grand Total: 803 creatures vanquished

Table legend:
 A = Non-vault XP
 B = Vault XP
 C = Vault XP percentage of total XP
 D = Non-vault monster count
 E = Vault monster count
 F = Vault count percentage of total count
                 A         B        C        D         E       F
            +---------+---------+-------+---------+---------+-------
      Total |    2631 |     419 |  13.7 |     113 |       8 |   6.6
            +---------+---------+-------+---------+---------+-------
        D:1 |      57 |       0 |   0.0 |      25 |       0 |   0.0
        D:2 |      94 |     284 |  75.1 |      24 |       3 |  11.1
        D:3 |      12 |       0 |   0.0 |       6 |       0 |   0.0
        D:4 |     125 |       0 |   0.0 |       6 |       0 |   0.0
        D:5 |     344 |      10 |   2.8 |      14 |       2 |  12.5
        D:6 |     493 |     125 |  20.2 |       7 |       3 |  30.0
        D:7 |    1442 |       0 |   0.0 |      29 |       0 |   0.0
        D:8 |      64 |       0 |   0.0 |       2 |       0 |   0.0
            +---------+---------+-------+---------+---------+-------

Illustrated notes

Table legend:
 A = Kills in this place as a percentage of kills in entire the game.
 B = Kills by you in this place as a percentage of kills by you in the entire game.
 C = Kills by friends in this place as a percentage of kills by friends in the entire game.
 D = Other kills in this place as a percentage of other kills in the entire game.
 E = Experience gained in this place as a percentage of experience gained in the entire game.
 F = Experience gained in this place divided by the number of levels of this place that you have seen.
                   A       B       C       D       E      F
               +-------+-------+-------+-------+-------+----------------------
         Total | 100.0 | 100.0 |   N/A |   N/A | 100.0 | 338.9
       Dungeon | 100.0 | 100.0 |   N/A |   N/A | 100.0 | 381.2
               +-------+-------+-------+-------+-------+----------------------

Table legend: (Time is in decaauts)
 A = Elapsed time spent in this place.
 B = Non-inter-level travel time spent in this place.
 C = Inter-level travel time spent in this place.
 D = Time resting spent in this place.
 E = Time spent auto-exploring this place.
 F = Levels seen in this place.
 G = Mean time per level.
                   A        B        C        D        E       F      G
               +--------+--------+--------+--------+--------+-----+--------+
         Total |   8756 |   8304 |    452 |   1410 |   6001 |   9 |  972.9 |
       Dungeon |   8546 |   8121 |    425 |   1410 |   5829 |   8 | 1068.2 |
        Temple |    209 |    183 |     26 |      0 |    172 |   1 |  209.0 |
               +--------+--------+--------+--------+--------+-----+--------+

Top non-repeatable levels by time:
     D:7: 1973 daAuts
     D:5: 1578 daAuts
     D:1: 1384 daAuts
     D:2: 1173 daAuts
     D:6: 1075 daAuts
     D:4: 788 daAuts
     D:3: 560 daAuts
  Temple: 209 daAuts
     D:8: 13 daAuts
